 Dungeon Crawl Stone Soup version 0.25.0-26-g0c896c7088 (webtiles) character file.

Game seed: 5484802712478138557

7536 MisterFreud the Martial Artist (level 10, -4/76 HPs)
             Began as a Demonspawn Abyssal Knight on July 5, 2020.
             Was a High Priest of Lugonu.
             Killed themself with a badly aimed iceblast (14 damage)
             ... on level 11 of the Dungeon.
             The game lasted 00:17:02 (13237 turns).

MisterFreud the Martial Artist (DsAK)              Turns: 13237, Time: 00:17:03

Health: -4/76      AC: 14    Str: 19    XL:     10   Next: 96%
Magic:  14/14      EV: 12    Int: 16    God:    Lugonu [*****.]
Gold:   401        SH: 16    Dex: 15    Spells: 9/9 levels left

rFire    . . .     SeeInvis .     - Unarmed
rCold    . . .     Gourm    .   D - +0 kite shield
rNeg     . . .     Faith    .   V - +0 chain mail
rPois    .         Spirit   .   (helmet restricted)
rElec    .         Reflect  +   v - +1 cloak
rCorr    .         Harm     .   g - +0 pair of gloves
MR       .....                  L - +0 pair of boots
Stlth    ..........             F - amulet of reflection
HPRegen  0.22/turn              T - +4 ring of evasion
MPRegen  0.14/turn              A - ring "Gicaogi" {Str+6 Slay+4}

@: no status effects
A: horns 2, thin skeletal structure 1, nightstalker 1
a: Depart the Abyss, Bend Space, Banish, Corrupt, Enter the Abyss, Renounce
Religion


You were on level 11 of the Dungeon.
You worshipped Lugonu.
Lugonu was extremely pleased with you.
You were not hungry.

You visited 1 branch of the dungeon, and saw 11 of its levels.
You visited the Abyss 1 time.
You also visited: Ossuary.

You collected 526 gold pieces.
You spent 125 gold pieces at shops.

Inventory:

Missiles
 p - 14 boomerangs (quivered)
 t - 2 silver javelins
 G - 57 poisoned darts
 U - 6 javelins
Armour
 g - a +0 pair of gloves (worn)
 v - a +1 cloak (worn)
 D - a +0 kite shield (worn)
 E - a +0 crystal plate armour
 L - a +0 pair of boots (worn)
 V - a +0 chain mail (worn)
Jewellery
 m - a +6 ring of dexterity
 A - the ring "Gicaogi" (right hand) {Str+6 Slay+4}
   (You bought it in a shop on level 4 of the Dungeon)

   [ring of slaying]

   It affects your strength (+6).
   It affects your accuracy and damage with ranged weapons and melee attacks
   (+4).
 F - an amulet of reflection (around neck)
 M - a +6 ring of strength
 T - a +4 ring of evasion (left hand)
Wands
 J - a wand of digging (12)
 Q - a wand of paralysis (9)
 R - a wand of iceblast (13)
Scrolls
 c - 5 scrolls of amnesia
 f - 2 scrolls of enchant armour
 k - 2 scrolls of teleportation
 l - 4 scrolls of enchant weapon
 q - 8 scrolls of remove curse
 y - a scroll of fear
 z - 2 scrolls of fog {unknown}
 C - a scroll of blinking {unknown}
 I - a scroll of holy word {unknown}
 O - 2 scrolls of identify
 S - a scroll of magic mapping {unknown}
Potions
 d - 3 potions of degeneration
 e - a potion of flight {unknown}
 h - 3 potions of cancellation
 i - 3 potions of stabbing
 j - a potion of berserk rage
 n - a potion of curing
 o - a potion of lignification
 r - 2 potions of ambrosia {unknown}
 s - a potion of haste {unknown}
 u - 2 potions of magic {unknown}
 w - a potion of resistance {unknown}
 x - a potion of invisibility {unknown}
 B - 3 potions of brilliance {unknown}
 H - 2 potions of mutation {unknown}
 P - a potion of might
Comestibles
 b - 12 rations


   Skills:
 - Level 6.0 Fighting
 + Level 5.5 Armour
 + Level 5.0 Dodging
 * Level 7.3 Shields
 - Level 10.0 Unarmed Combat
 - Level 6.0 Invocations


You had 9 spell levels left.
You didn't know any spells.
Your spell library was empty.

Dungeon Overview and Level Annotations

Branches:
Dungeon (11/15)            Temple (0/1) D:5             Orc (0/2) D:10
Ossuary (visited)
   Lair: D:8-11

Altars:
Ashenzari
Dithmenos
Hepliaklqana
Vehumet
Wu Jian
The Shining One

Shops:
D:4 *   D:7 (

Annotations:
D:10 Erica


Innate Abilities, Weirdness & Mutations

You have a pair of horns on your head.
You have a somewhat thin skeletal structure. (Dex +2, Stealth)
You are slightly more attuned to the shadows.


Message History

You headbutt the centaur warrior zombie!
The centaur warrior zombie is moderately damaged.
Something hits you but does no damage.
The centaur warrior zombie hits you but does no damage.
Something hits you but does no damage. Something hits you but does no damage.
Something hits you.
* * * LOW HITPOINT WARNING * * *
Found a small emerald ring.
Something hits you.
* * * LOW HITPOINT WARNING * * *
You block something's attack.
Found a scroll labeled ODALLU JEORU.
Evoke which item? (* to show all) (? for menu, Esc to quit)
Aiming: Iceblast
Press: ? - help, Shift-Dir - straight line, f - centaur warrior zombie
Aim: a centaur warrior zombie (moderately damaged)
The mass of ice explodes!
The iceblast engulfs something.
The iceblast engulfs you!
You die...

#......###### ###.
............# #...
....#######.###..#
...#######).....#
####...[)......##
#...#########.# ..
#.#
?..#######.#####
.=....@{Za......#
...######.......#
#.......#
#.......#
#.......#
#.......# ########


You could see a worker ant and a centaur warrior zombie.

Vanquished Creatures
  A two-headed ogre (D:10)
  Urug (D:10)
  A gargoyle (D:10)
  A troll (D:10)
  A hornet (D:8)
  A hippogriff (D:6)
  A wyvern (D:9)
  A vampire (D:11)
  A yak (D:11)
  2 soldier ants (D:8)
  Duvessa (D:7)
  2 sky beasts
  An orc warrior (D:10)
  5 ice beasts
  A black bear (D:8)
  2 centaurs
  6 ogres
  5 phantoms
  4 bullfrogs
  3 elf zombies (Ossuary)
  A wyvern zombie (D:6)
  Dowan (D:7)
  5 scorpions
  6 killer bees (D:9)
  2 howler monkeys
  A centaur zombie (Ossuary)
  3 crimson imps
  5 hounds
  A jelly (D:4)
  7 orc wizards
  5 orc priests
  A centaur skeleton (D:9)
  Jessica (D:2)
  5 iguanas
  11 worker ants
  A big kobold zombie (Ossuary)
  A killer bee zombie (D:7)
  3 hound zombies (Ossuary)
  A hound skeleton (D:7)
  3 mummies (Ossuary)
  9 gnolls
  10 adders
  A shadow imp (D:8)
  3 adder zombies (Ossuary)
  An adder skeleton (D:8)
  2 worms (D:2)
  10 leopard geckos
  42 orcs
  3 giant cockroaches
  9 goblins
  11 hobgoblins
  11 jackals
  3 quokkas
  6 bats
  4 frilled lizards
  A gnoll zombie (Ossuary)
  4 goblin zombies (Ossuary)
  7 hobgoblin zombies (Ossuary)
  4 jackal zombies
  2 kobolds
  2 kobold zombies (Ossuary)
  3 leopard gecko skeletons
  A leopard gecko zombie (D:7)
  An orc zombie (Ossuary)
  A quokka skeleton (D:6)
  4 quokka zombies (Ossuary)
  9 rats
  2 rat zombies (Ossuary)
271 creatures vanquished.

Vanquished Creatures (others)
  A bush (D:11)
  A fungus (D:11)
  14 plants (D:11)
16 creatures vanquished.

Grand Total: 287 creatures vanquished

Notes
Turn   | Place    | Note
-------+----------+-------------------------------------------
     0 | Abyss:1  | MisterFreud the Demonspawn Abyssal Knight began the quest
                  | for the Orb.
     0 | Abyss:1  | Reached XP level 1. HP: 18/18 MP: 2/2
     0 | Abyss:1  | Found a corrupted altar of Lugonu.
     4 | Abyss:1  | Found a corrupted altar of Lugonu.
     7 | D:1      | Escaped the Abyss
    57 | D:1      | Reached skill level 2 in Unarmed Combat
   510 | D:1      | Gained mutation: You have a pair of small horns on your
                  | head. [demonic ancestry]
   510 | D:1      | Reached XP level 2. HP: 19/24 MP: 3/3
   991 | D:1      | Reached skill level 3 in Unarmed Combat
  1252 | D:2      | Gained mutation: You have a pair of horns on your head.
                  | [demonic ancestry]
  1252 | D:2      | Reached XP level 3. HP: 29/29 MP: 4/4
  1497 | D:2      | Reached ** piety under Lugonu
  2106 | D:2      | Noticed Jessica
  2117 | D:2      | Killed Jessica
  2117 | D:2      | Reached skill level 4 in Unarmed Combat
  2117 | D:2      | Gained mutation: You are slightly more attuned to the
                  | shadows. [demonic ancestry]
  2117 | D:2      | Reached XP level 4. HP: 20/35 MP: 5/5
  2373 | D:2      | Found a hazy altar of Hepliaklqana.
  2373 | D:2      | Found a radiant altar of Vehumet.
  3154 | D:3      | Reached XP level 5. HP: 10/41 MP: 6/6
  3710 | D:3      | Reached skill level 5 in Unarmed Combat
  4212 | D:4      | Reached *** piety under Lugonu
  4261 | D:4      | Found a sand-covered staircase.
  4402 | Ossuary  | Entered an ossuary
  4529 | Ossuary  | Gained mutation: You have a somewhat thin skeletal
                  | structure. (Dex +2, Stealth) [demonic ancestry]
  4529 | Ossuary  | Reached XP level 6. HP: 46/47 MP: 7/7
  4554 | Ossuary  | Reached skill level 6 in Unarmed Combat
  4977 | Ossuary  | Reached **** piety under Lugonu
  4998 | Ossuary  | Reached XP level 7. HP: 45/53 MP: 9/9
  5543 | D:4      | Found Ezinodat's Assorted Antiques.
  5546 | D:4      | Bought a scintillating pewter ring for 125 gold pieces
  5546 | D:4      | Identified the ring "Gicaogi" {Str+6 Slay+4} (You bought it
                  | in a shop on level 4 of the Dungeon)
  5796 | D:5      | Entered Level 5 of the Dungeon
  5899 | D:5      | Reached skill level 5 in Invocations
  6429 | D:5      | Found a staircase to the Ecumenical Temple.
  6787 | D:6      | Reached skill level 7 in Unarmed Combat
  6787 | D:6      | Reached XP level 8. HP: 59/61 MP: 12/12
  6822 | D:6      | Reached skill level 5 in Fighting
  7070 | D:6      | Found a faded altar of an unknown god.
  7074 | D:6      | Found a glowing golden altar of the Shining One.
  7076 | D:6      | Found a shattered altar of Ashenzari.
  7078 | D:6      | Found an ornate altar of the Wu Jian Council.
  7082 | D:6      | Found a shadowy altar of Dithmenos.
  7103 | D:6      | Noticed a hippogriff
  7117 | D:6      | Killed a hippogriff
  7117 | D:6      | Reached skill level 8 in Unarmed Combat
  7681 | D:6      | Reached skill level 9 in Unarmed Combat
  7681 | D:6      | Reached XP level 9. HP: 52/69 MP: 13/13
  8627 | D:7      | Noticed Duvessa
  8629 | D:7      | Noticed Dowan
  8652 | D:7      | Killed Dowan
  8710 | D:7      | Found Wisaruomm's Weapon Shop.
  8735 | D:7      | Reached skill level 10 in Unarmed Combat
  8735 | D:7      | Reached skill level 1 in Dodging
  9114 | D:7      | Killed Duvessa
  9446 | D:7      | Reached skill level 1 in Shields
 10887 | D:8      | Reached XP level 10. HP: 75/76 MP: 14/14
 10889 | D:8      | Reached ***** piety under Lugonu
 11637 | D:9      | Reached skill level 5 in Shields
 12355 | D:10     | Entered Level 10 of the Dungeon
 12671 | D:10     | Noticed a two-headed ogre
 12677 | D:10     | Killed a two-headed ogre
 12699 | D:10     | Reached skill level 5 in Armour
 12856 | D:10     | Found a staircase to the Orcish Mines.
 12900 | D:10     | Noticed Urug
 12914 | D:10     | Killed Urug
 12990 | D:10     | Noticed a gargoyle
 12997 | D:10     | Killed a gargoyle
 13062 | D:10     | Noticed Erica
 13096 | D:10     | Noticed a two-headed ogre
 13113 | D:11     | Noticed a cyclops
 13131 | D:11     | Reached skill level 5 in Dodging
 13237 | D:11     | Killed themself with a badly aimed iceblast

Illustrated notes

Levels and vault maps discovered:
D:1:      wheals_arrival_shading, layout_loops_ring
D:2:      layout_rooms, gammafunk_temple_overflow_statue, uniq_jessica
D:3:      layout_loops_corners
D:4:      layout_basic, first_ration, serial_shops, shop, enter_ossuary_2
D:5:      layout_cave_pods, temple_statues, corexii_hall_statues_deadend
D:6:      layout_loops_ring, chequers_temple_overflow_minitemple,
          glass_columns_a
D:7:      layout_gridville, serial_shops, shop, uniq_duvessa
D:8:      layout_loops_ring, hangedman_pestilent_swarm
D:9:      layout_stronghold
D:10:     layout_cave_pods, orc_david_3, tso_metal_star, uniq_erica, uniq_urug
D:11:     layout_rooms, minmay_lair_entry_grove, nicolae_trove_entry_crossroad,
          special_room [special_room_orc], minmay_misc_feat_rugged

Skill      XL: |  1  2  3  4  5  6  7  8  9 10 |
---------------+-------------------------------+-----
Unarmed Combat | 2 3 4 5 6 7 9 10 | 10.0
Invocations    | 3 5 6 |  6.0
Fighting       | 4 6 |  6.0
Dodging        | 2 5 |  5.0
Armour         | 3 5 |  5.5
Shields        | 4 7 |  7.3

Action                   |  1- 3 |  4- 6 |  7- 9 | 10-12 || total
-------------------------+-------+-------+-------+-------++-------
Melee: Unarmed           |   139 |   252 |   296 |   194 ||   881
       Punch             |     1 |     7 |     8 |       ||    16
       Headbutt          |    15 |    69 |    76 |    44 ||   204
Throw: Boomerang         |       |       |       |     5 ||     5
  Use: Potion            |     1 |       |     2 |     2 ||     5
       Scroll            |       |     7 |     7 |     2 ||    16
 Stab: Sleeping          |       |     5 |    18 |     1 ||    24
       Distracted        |       |     1 |       |       ||     1
  Eat: Chunk             |     4 |     6 |    15 |     7 ||    32
       Ration            |       |     1 |     1 |       ||     2
Armor: Leather armour    |    24 |    52 |    42 |       ||   118
       Crystal plate arm |       |       |     7 |       ||     7
       Scale mail        |       |       |     3 |    30 ||    33
       Chain mail        |       |       |       |    23 ||    23
Dodge: Dodged            |    95 |   134 |    92 |    47 ||   368
Block: Other             |       |       |    23 |       ||    23
       Reflection        |       |       |     2 |     6 ||     8
       Kite shield       |       |       |    46 |   142 ||   188
